 Dungeon Crawl Stone Soup version 0.27-a0-1317-gd1140b374c (webtiles) character file.

Game seed: 2879112452448716865

1252 MacCMillion the Shield-Bearer (level 8, -9/66 HPs)
             Began as a Green Draconian Fighter on June 20, 2021.
             Mangled by an orc warrior (10 damage)
             ... on level 7 of the Dungeon on June 21, 2021.
             The game lasted 00:39:57 (8119 turns).

MacCMillion the Shield-Bearer (DrFi)                Turns: 8119, Time: 00:39:59

Health: -9/66      AC:  6    Str: 20    XL:     8   Next: 26%
Magic:  8/8        EV: 11    Int:  9    God:
Gold:   350        SH: 15    Dex: 11    Spells: 7/7 levels left

rFire    . . .     SeeInvis .   g - +2 spear (vamp)
rCold    . . .     Faith    .   b - +0 kite shield
rNeg     . . .     Spirit   .   (armour unavailable)
rPois    +         Reflect  +   (helmet restricted)
rElec    .         Harm     .   (no cloak)
rCorr    .         Rampage  .   (no gloves)
Will     .....                  (no boots)
Stlth    ++........             h - amulet of reflection
HPRegen  0.21/turn              (no ring)
MPRegen  0.11/turn              (no ring)

@: lethally poisoned (-9 -> -14)
A: breathe noxious fumes, AC +6, unfitting armour, poison resistance,
cold-blooded
a: Breathe Noxious Fumes


You were on level 7 of the Dungeon.
You visited 2 branches of the dungeon, and saw 8 of its levels.

You collected 350 gold pieces.

Inventory:

Hand Weapons
 a - a +0 long sword
 g - a +2 vampiric spear (weapon)
Missiles
 j - 22 poisoned darts (quivered)
 p - 4 javelins
Armour
 b - a +0 kite shield (worn)
 i - a +0 buckler
Jewellery
 c - an amulet of magic regeneration
 h - an amulet of reflection (around neck)
 l - an amulet of the acrobat
 q - a ring of flight
Scrolls
 d - 2 scrolls of teleportation
 e - 3 scrolls of identify
 f - a scroll of amnesia {unknown}
 k - a scroll of enchant armour {unknown}
 m - a scroll of holy word {unknown}
 n - a scroll of enchant weapon {unknown}
Potions
 o - a potion of brilliance
 r - a potion of cancellation


   Skills:
 - Level 4.0 Fighting
 - Level 2.3 Long Blades
 - Level 5.2 Polearms
 + Level 2.6 Throwing
 - Level 5.0 Dodging
 - Level 2.4 Stealth
 + Level 5.8 Shields


You had 7 spell levels left.
You didn't know any spells.
Your spell library contained the following spells:

 Spells                   Type           Power      Damage    Failure   Level
 Animate Skeleton         Necr           0%         N/A       78%         1
 Magic Dart               Conj           0%         1d3       78%         1
 Pain                     Necr           0%         1d4       78%         1
 Searing Ray              Conj           0%         3d3       89%         2
 Dazzling Flash           Conj/Hex       0%         N/A       98%         3
 Vampiric Draining        Necr           0%         2d6       98%         3
 Animate Dead             Necr           0%         N/A       100%        4
 Fulminant Prism          Conj/Hex       0%         3d6       100%        4
 Iskenderun's Mystic Bla  Conj/Tloc      0%         2d3       100%        4
 Agony                    Necr           0%         N/A       100%        5


Dungeon Overview and Level Annotations

Branches:
Dungeon (7/15)             Temple (1/1) D:6

Altars:
Ashenzari
Cheibriados
Dithmenos
Elyvilon
Fedhas
Gozag
Hepliaklqana
Kikubaaqudgha
Makhleb
Nemelex Xobeh
Okawaru
Qazlal
Ru
Sif Muna
Trog
Uskayaw
Vehumet
Wu Jian
Xom
Yredelemnul
Zin
The Shining One

Shops:
D:5 [


Innate Abilities, Weirdness & Mutations

You can breathe blasts of noxious fumes.
Your lurid green scales are hard. (AC +6)
You cannot fit into any form of body armour.
Your system is resistant to poisons. (rPois)
You are cold-blooded and may be slowed by cold attacks.


Message History

The orc warrior is almost dead.
You feel sick. You block the orc warrior's attack. You block the orc's attack.
Something hits you but does no damage.
You closely miss the orc warrior.
The orc warrior is almost dead.
You hear the loud creaking of a distant portcullis.
You feel sick.
The orc warrior hits you with a +0 hand axe.
The orc hits you but does no damage. Something hits you but does no damage.
You are more poisoned.
You hit the orc warrior but do no damage.
The orc warrior is almost dead.
You feel very sick. The orc warrior barely misses you.
The orc hits you with a +0 whip.
* * * LOW HITPOINT WARNING * * *
You block something's attack. You block the orc warrior's attack.
You hit the orc warrior.
The orc warrior is almost dead.
You feel very sick. The orc hits you but does no damage. Something hits you.
* * * LOW HITPOINT WARNING * * *
You block the orc warrior's attack.
You hit the orc warrior but do no damage.
The orc warrior is almost dead.
You feel sick. The orc hits you but does no damage. Something hits you.
* * * LOW HITPOINT WARNING * * *
The orc warrior hits you with a +0 hand axe.
* * * LOW HITPOINT WARNING * * *
You hit the orc warrior but do no damage.
The orc warrior is almost dead.
* * * LOW HITPOINT WARNING * * *
You feel sick. The orc barely misses you. You block something's attack.
The orc warrior hits you but does no damage.
You barely miss the orc warrior.
The orc warrior is almost dead.
* * * LOW HITPOINT WARNING * * *
You feel sick. You block the orc's attack. Something hits you.
* * * LOW HITPOINT WARNING * * *
The orc warrior hits you with a +0 hand axe!
You die...

#.........#.#
#.......#)#.##
#.......#.[..#
#.......##...#
####(.## #.....##
#.##.[.#
###.##.{.#
#......@.##
........oo.#
.#.##.#.#.#.((..#
.. #.#.._..###...
#.#.#.### . #...#
. #.### ..


You could see an orc warrior and an orc.

Vanquished Creatures
  Menkaure (D:7)
  A sky beast (D:6)
  2 ogres
  2 necrophages
  A centaur (D:6)
  A scorpion (D:4)
  A wyvern skeleton (D:7)
  A jelly (D:6)
  A hound (D:6)
  A bullfrog zombie (D:3)
  2 orc priests (D:6)
  3 iguanas
  Jessica (D:3)
  3 gnolls (D:5)
  9 adders
  A white imp (D:5)
  A worm (D:2)
  3 dart slugs
  23 orcs
  5 endoplasms
  2 giant cockroaches
  8 hobgoblins
  13 jackals
  3 kobolds
  3 quokkas
  3 ball pythons (D:1)
  6 bats
  5 frilled lizards
  9 goblins
  4 rats
119 creatures vanquished.

Notes
Turn   | Place    | Note
-------+----------+-------------------------------------------
     0 | D:1      | MacCMillion the Draconian Fighter began the quest for the
                  | Orb.
     0 | D:1      | Reached XP level 1. HP: 19/19 MP: 1/1
   403 | D:1      | Reached XP level 2. HP: 25/26 MP: 2/2
   475 | D:1      | Found a faded altar of an unknown god.
  1147 | D:1      | Reached XP level 3. HP: 31/31 MP: 3/3
  1221 | D:2      | Reached skill level 1 in Polearms
  1585 | D:2      | Reached XP level 4. HP: 40/40 MP: 4/4
  1661 | D:2      | Reached skill level 1 in Stealth
  1814 | D:2      | You fall into a shaft and drop 1 floor!
  2618 | D:3      | Noticed Jessica
  2636 | D:3      | Killed Jessica
  2637 | D:3      | Reached XP level 5. HP: 46/46 MP: 5/5
  3359 | D:4      | You fall into a shaft and drop 2 floors!
  3359 | D:6      | Noticed a centaur
  3371 | D:5      | Entered Level 5 of the Dungeon
  3714 | D:4      | Reached XP level 6. HP: 52/52 MP: 6/6
  5008 | D:5      | Noticed a sky beast
  5292 | D:5      | Found Naixaaka's Armour Shop.
  5292 | D:5      | Noticed a water moccasin
  5459 | D:6      | Your scales start taking on a lurid green colour.
  5459 | D:6      | Reached XP level 7. HP: 18/59 MP: 7/7
  5459 | D:6      | Gained mutation: Your system is resistant to poisons.
                  | (rPois) [Green Draconian growth]
  6030 | D:6      | Upgraded the game from 0.27-a0-1312-g5cdb2b3542 to
                  | 0.27-a0-1317-gd1140b374c
  6211 | D:6      | Found a staircase to the Ecumenical Temple.
  6220 | Temple   | Entered the Ecumenical Temple
  6452 | D:6      | Reached skill level 5 in Polearms
  6452 | D:6      | Reached skill level 5 in Shields
  7451 | D:7      | Noticed Menkaure
  7459 | D:7      | Killed Menkaure
  7460 | D:7      | Reached skill level 1 in Throwing
  7460 | D:7      | Reached skill level 5 in Dodging
  7460 | D:7      | Reached XP level 8. HP: 58/66 MP: 8/8
  7748 | D:7      | Found a hazy altar of Hepliaklqana.
  7763 | D:7      | HP: 2/66 [wyvern skeleton (11)]
  8118 | D:7      | HP: 3/66 [poisoned by an orc wizard]
  8119 | D:7      | HP: 1/66 [something (2)]
  8119 | D:7      | Mangled by an orc warrior

Illustrated notes

Levels and vault maps discovered:
D:1:      lightli_arrival_chessboard, layout_basic,
          hellmonk_ecumenical_altar_crossroads, st_stairs_8
D:2:      layout_rooms, guppyfry_early_orc_mine
D:3:      layout_basic, uniq_jessica
D:4:      layout_basic
D:5:      layout_gridville, kennysheep_windowed_goal
D:6:      layout_cave_pods, minmay_temple_entry_slanted, st_stairs_11
D:7:      layout_rooms, lemuel_crystal_altar, enter_bailey_2, kennysheep_path_1,
          serial_bayou_ford_a, bh_walls_and_bars, uniq_crazy_yiuf_cottage,
          uniq_joseph, uniq_menkaure, uniq_pikel
Temple:   kilobyte_greek_temple

Skill      XL: |  1  2  3  4  5  6  7  8 |
---------------+-------------------------+-----
Dodging        | 3 4 5 |  5.0
Polearms       | 1 2 3 4 5 |  5.2
Stealth        | 1 2 |  2.4
Fighting       | 4 |  4.0
Shields        | 4 5 |  5.8
Throwing       | 1 2 |  2.6
Long Blades    | |  2.3

Action                   |  1- 3 |  4- 6 |  7- 9 || total
-------------------------+-------+-------+-------++-------
Melee: Long sword        |    35 |       |       ||    35
       Tailslap          |     9 |    14 |    20 ||    43
       Spear             |    89 |   259 |   149 ||   497
Throw: Dart              |       |       |    12 ||    12
 Abil: Breathe Noxious F |       |       |     2 ||     2
  Use: Potion            |       |     1 |       ||     1
       Scroll            |       |     2 |     2 ||     4
 Stab: Sleeping          |       |     4 |       ||     4
Armor: Skin              |    30 |    56 |    28 ||   114
Dodge: Dodged            |    33 |    83 |    40 ||   156
Block: Kite shield       |    54 |   139 |    90 ||   283
       Rpst.: Long sword |     4 |       |       ||     4

Table legend: (Time is in decaauts)
 A = Elapsed time spent in this place.
 B = Non-inter-level travel time spent in this place.
 C = Inter-level travel time spent in this place.
 D = Time resting spent in this place.
 E = Time spent auto-exploring this place.
 F = Levels seen in this place.
 G = Mean time per level.
                   A        B        C        D        E       F      G
               +--------+--------+--------+--------+--------+-----+--------+
         Total |   8239 |   7683 |    556 |   2416 |   3045 |   8 | 1029.9 |
       Dungeon |   8097 |   7577 |    520 |   2416 |   2950 |   7 | 1156.7 |
        Temple |    142 |    106 |     36 |      0 |     95 |   1 |  142.0 |
               +--------+--------+--------+--------+--------+-----+--------+

Top non-repeatable levels by time:
     D:6: 2300 daAuts
     D:3: 1444 daAuts
     D:4: 1312 daAuts
     D:1: 1271 daAuts
     D:2: 777 daAuts
     D:5: 738 daAuts
     D:7: 252 daAuts
  Temple: 142 daAuts
